 Dungeon Crawl Stone Soup version 0.23.2-40-g277498a001 (webtiles) character file.

Game seed: 1390742885564100315

484132 Artanis the Slayer (level 24, -13/373 HPs)
             Began as a Hill Orc Fighter on June 27, 2019.
             Was the Champion of Trog.
             Killed from afar by a balrug (31 damage)
             ... with a fireball
             ... on level 1 of the Depths on Oct 3, 2019.
             The game lasted 08:27:47 (80069 turns).

Artanis the Slayer (Hill Orc Fighter)              Turns: 80069, Time: 08:27:48

Health: -13/373    AC: 43    Str: 43    XL:     24   Next: 60%
Magic:  34/34      EV: 10    Int:  8    God:    Trog [******]
Gold:   6155       SH: 22    Dex: 15    Spells: 23/23 levels left

rFire    . . .     SeeInvis .   P - +7 war axe of Amorality {vamp, +Fly Str+3 Dex+5}
rCold    + + +     Gourm    .   u - +5 shield {reflect}
rNeg     + . .     Faith    .   O - +7 plate armour of Elyvilon {rPois rC++ Slay+2}
rPois    +         Spirit   .   R - +3 hat of Laxzan {Str+3}
rElec    .         Reflect  +   D - +2 cloak {MR+}
rCorr    .         Harm     +   T - +2 pair of gloves
MR       ++...                  Q - +2 pair of boots {run}
Stlth    ..........             C - amulet of harm
HPRegen  0.72/turn              c - ring of Peace {rC++ Str+2}
MPRegen  0.24/turn              a - ring of positive energy

@: berserking, liquid flames, glowing, studying Fighting, very quick
A: rugged brown scales 1, blurry vision 1
}: 3/15 runes: barnacled, silver, gossamer
a: Berserk, Trog's Hand, Brothers in Arms, Renounce Religion, Evoke Flight


You were on level 1 of the Depths.
You worshipped Trog.
Trog was exalted by your worship.
You were very hungry.

You visited 9 branches of the dungeon, and saw 41 of its levels.
You also visited: Gauntlet and Ice Cave.

You collected 7889 gold pieces.
You spent 1734 gold pieces at shops.

Inventory:

Hand Weapons
 P - the +7 war axe of Amorality (weapon) {vamp, +Fly Str+3 Dex+5}
   (You found it on level 3 of the Spider Nest)

   It inflicts no extra harm, but heals its wielder when it wounds a living foe.
   It affects your strength (+3).
   It affects your dexterity (+5).
   It lets you fly.
 W - the +6 mace "Serezxom" {holy, rN+ MR+ SInv}
   (You took it off a deep elf mage on level 1 of the Elven Halls)

   It has been blessed by the Shining One to cause great damage to the undead
   and demons.
   It protects you from negative energy.
   It affects your resistance to hostile enchantments.
   It lets you see invisible.
Armour
 u - a +5 shield of reflection (worn)
 D - a +2 cloak of magic resistance (worn)
 O - the +7 plate armour of Elyvilon (worn) {rPois rC++ Slay+2}
   (You took it off a deep elf blademaster on level 3 of the Elven Halls)

   It affects your accuracy and damage with ranged weapons and melee attacks
   (+2).
   It greatly protects you from cold.
   It protects you from poison.
 Q - a +2 pair of boots of running (worn)
 R - the +3 hat of Laxzan (worn) {Str+3}
   (You found it in a Gauntlet)

   It affects your strength (+3).
 T - a +2 pair of gloves (worn)
Jewellery
 a - a ring of positive energy (right hand)
 c - the ring of Peace (left hand) {rC++ Str+2}
   (You found it on level 1 of the Spider Nest)

   [ring of strength]

   It affects your strength (+2).
   It greatly protects you from cold.
 B - an uncursed ring of protection from fire
 C - an amulet of harm (around neck)
 U - an uncursed ring of poison resistance
 Z - an uncursed ring of protection from magic
Wands
 n - a wand of clouds (11)
 p - a wand of digging (15)
 t - a wand of flame (25)
 G - a wand of polymorph (40)
 I - a wand of acid (2)
 S - a wand of iceblast (12)
 X - a wand of paralysis (15)
 Y - a wand of enslavement (11)
Scrolls
 b - 3 scrolls of enchant weapon
 d - a scroll of fear
 e - 17 scrolls of teleportation
 h - 13 scrolls of remove curse
 i - 7 scrolls of magic mapping
 o - a scroll of summoning
 q - 2 scrolls of silence
 w - 5 scrolls of fog
 y - a scroll of holy word
 A - 2 scrolls of identify
 L - 5 scrolls of blinking
 N - a scroll of enchant armour
Potions
 g - 17 potions of curing
 j - 7 potions of brilliance
 k - 6 potions of flight
 l - a potion of heal wounds
 m - 6 potions of agility
 s - a potion of cancellation
 v - 9 potions of haste
 z - a potion of might
 E - 2 potions of resistance
 H - 3 potions of ambrosia
 J - 2 potions of berserk rage
 K - 6 potions of lignification
 M - 4 potions of invisibility
Books
 F - a manual of Fighting
Miscellaneous
 x - a lamp of fire
 V - a lightning rod (4/4)
Comestibles
 f - 17 rations
 r - 14 chunks of flesh


   Skills:
 * Level 25.0 Fighting
 + Level 23.7 Axes
 + Level 23.0 Armour
 - Level 0.6 Dodging
 - Level 16.5 Shields
 + Level 15.3 Evocations


You had 23 spell levels left.
You didn't know any spells.
Your spell library was empty.

Dungeon Overview and Level Annotations

Branches:
Dungeon (15/15)            Temple (1/1) D:6            Lair (6/6) D:10
 Shoals (4/4) Lair:3       Spider (4/4) Lair:3          Orc (2/2) D:12
    Elf (3/3) Orc:2        Vaults (5/5) D:14          Crypt (0/3) Vaults:2
 Depths (1/5) D:15
  Slime: Lair:5-6

Altars:
Ashenzari
Cheibriados
Elyvilon
Gozag
Kikubaaqudgha
Qazlal
Sif Muna
Trog
Uskayaw
Wu Jian
Xom
Yredelemnul
The Shining One
Jiyva

Shops:
D:4 [   D:13 (   D:14 *   Orc:2 [(%!(   Elf:2 [   Vaults:2 *   Vaults:4 ?

Portals:
Hell: Depths:1
Pandemonium: Depths:1

Annotations:
D:11 1 runed translucent door
D:15 2 transporters, nano's ghost, journeyman DDAr
Lair:5 exclusion: oklob plant
Lair:6 3 runed translucent doors, exclusion: 3 oklob plants, OdinFK's ghost, adept GrEE
Depths:1 3 runed translucent doors


Innate Abilities, Weirdness & Mutations

You are partially covered in rugged brown scales. (AC +1, +3% HP)
Scrolls take you a little longer to read.


Message History

The sticky flame hits you but does no damage.
You are covered in liquid flames!
You slice the blizzard demon!!
You feel the power of Trog in you as your rage grows.
You kill the blizzard demon!
Trog accepts your kill.
Your Fighting skill increases to level 25!
You are covered in liquid flames!
* * * LOW HITPOINT WARNING * * *
You open the balrug like a pillowcase!!!
The balrug is almost dead.
You slice the sun demon!!
You are covered in liquid flames!
* * * LOW HITPOINT WARNING * * *
The balrug gestures at you.
The fireball explodes!
The fireball engulfs the balrug.
The balrug completely resists.
The fireball engulfs the balrug.
The balrug completely resists.
The fireball engulfs the sun demon.
The sun demon completely resists.
The fireball engulfs you!!
You die...

##........# #####.#
#...#.#####.....##.#
#.###.# #.......#.#
#.# #.# #.......#.#
#.# #.# #.......#.#
..# #.# #.......#.##
#####.# #33...##..#
......# #3#+++#...#
.###### #)#..3@...#
.# #3#''2#...# .#
#.312.##### .#
#......° .# #.......
.# #.......# .##
#.......# ..#
##.....## P.#


You could see a Brimstone Fiend, 2 balrugs and 6 sun demons.

Vanquished Creatures
  Sojobo (Vaults:5)
  Margery (Vaults:4)
  Xtahua (Vaults:3)
  Saint Roka (Depths:1)
  A golden dragon (Vaults:5)
  Nikola (Depths:1)
  Jorgrun (Shoals:1)
  A tentacled monstrosity (Vaults:5)
  2 liches
  An Ice Fiend (Depths:1)
  3 titans
  A kraken (Shoals:2)
  4 deep elf blademasters (Elf:3)
  A quicksilver dragon (Vaults:4)
  6 storm dragons
  3 sphinxes
  Agnes (Spider:1)
  7 tengu reavers
  8 shadow dragons
  Donald (Spider:1)
  3 fire giants
  A frost giant (shapeshifter) (D:15)
  18 vault wardens
  A balrug (Gauntlet)
  An iron dragon (Vaults:5)
  9 deep elf sorcerers
  5 ghost moths
  6 frost giants
  3 emperor scorpions
  Aizul (Shoals:3)
  4 deep elf elementalists
  8 very ugly things
  16 ironheart preservers
  12 stone giants
  A war gargoyle (Vaults:5)
  4 entropy weavers
  A vampire knight (Depths:1)
  Nessos (Orc:2)
  3 deep elf demonologists
  10 deep elf annihilators
  2 minotaurs
  A spark wasp (shapeshifter) (Vaults:5)
  11 ettins
  2 blizzard demons (Depths:1)
  3 spark wasps
  3 merfolk javelineers
  5 merfolk impalers (Shoals:4)
  9 deep elf death magi
  Snorg (D:11)
  10 yaktaur captains
  4 deep elf high priests
  A fire dragon (Lair:6)
  4 ice dragons
  3 small abominations (Vaults:5)
  A crystal guardian (Vaults:3)
  Erolcha (Orc:2)
  A great orb of eyes (Depths:1)
  2 rakshasas
  40 vault guards
  6 hydras
  2 alligator snapping turtles
  A merfolk avatar (Shoals:4)
  Erica (D:11)
  An anaconda (shapeshifter) (Depths:1)
  3 merfolk aquamancers (Shoals:4)
  9 centaur warriors
  8 ogre magi
  3 deep troll shamans
  3 deep troll earth magi
  2 death knights
  A tengu warrior (Depths:1)
  16 two-headed ogres
  A death yak (shapeshifter) (Vaults:1)
  2 satyrs (Shoals:2)
  33 dancing weapons
  4 hell knights (Vaults:4)
  16 deep elf knights
  Sonja (Orc:2)
  A fire crab (shapeshifter) (Depths:1)
  2 shadow wraiths (Vaults:4)
  14 sea snakes
  A skeletal warrior (D:14)
  23 deep trolls
  14 deep elf archers
  A golden dragon zombie (Vaults:4)
  3 glowing orange brains
  A deep troll (shapeshifter) (Vaults:4)
  3 flayed ghosts
  A shadow dragon zombie (Vaults:4)
  A kraken simulacrum (Shoals:4)
  A sphinx zombie (Vaults:5)
  Pikel (D:8)
  7 necromancers
  19 ironbrand convokers
  3 wizards
  A lindwurm (Lair:6)
  7 phantasmal warriors
  A lindwurm (shapeshifter) (Vaults:4)
  A harpy (shapeshifter) (Vaults:5)
  17 harpies
  9 manticores
  A wolf spider zombie (D:15)
  A mana viper (Lair:3)
  51 deep elf magi
  A shining eye (shapeshifter) (Vaults:4)
  14 orc knights
  A faun (shapeshifter) (D:15)
  6 orc sorcerers
  A frost giant zombie (Vaults:4)
  22 orb spiders
  A sphinx skeleton (Vaults:4)
  2 shining eyes (Gauntlet)
  12 fauns
  36 ugly things
  11 cyclopes
  30 wolf spiders
  A spriggan zombie (Depths:1)
  9 elephants
  8 black mambas
  2 moths of wrath
  15 vault sentinels
  6 water nymphs
  2 ice statues (IceCv)
  A molten gargoyle (Lair:6)
  11 merfolk sirens
  12 spiny frogs
  Psyche (D:10)
  2 gargoyles
  6 large abominations
  A komodo dragon (shapeshifter) (Elf:1)
  3 rime drakes
  11 komodo dragons
  2 torpor snails
  5 kobold demonologists
  6 freezing wraiths
  8 ice devils
  2 yaktaurs (shapeshifter)
  A yaktaur zombie (Vaults:4)
  A minotaur zombie (Gauntlet)
  32 yaktaurs
  A tengu conjurer (Depths:1)
  2 human zombies
  7 demonic crawlers
  A yaktaur skeleton (Vaults:4)
  A troll (shapeshifter) (Elf:2)
  29 merfolk
  A meliai (shapeshifter) (Depths:1)
  5 wind drakes
  A jumping spider (shapeshifter) (D:14)
  3 polar bears (shapeshifter)
  16 trolls
  4 meliai
  30 jumping spiders
  15 hornets
  Prince Ribbit (D:6)
  23 slime creatures
  A sphinx simulacrum (Depths:1)
  5 blink frogs (Lair:6)
  12 snapping turtles
  16 hippogriffs
  A hippogriff (shapeshifter) (Vaults:5)
  9 dream sheep
  A fire giant simulacrum (Vaults:4)
  An ice dragon skeleton (Depths:1)
  69 redbacks
  A spriggan (shapeshifter) (Vaults:3)
  2 wraiths (Vaults:4)
  11 water elementals
  A vampire (D:14)
  7 air elementals
  29 tarantellas
  Eustachio (D:6)
  3 golden eyes (Gauntlet)
  A human (D:8)
  25 yaks
  10 wyverns
  4 basilisks
  A yak (shapeshifter) (D:15)
  5 fire elementals
  3 hungry ghosts
  2 steam dragons
  2 humans (shapeshifter)
  2 vampire mosquitoes (D:14)
  4 wargs
  10 water moccasins
  Duvessa (D:6)
  7 porcupines
  4 hell hounds (Lair:6)
  2 sky beasts
  17 ice beasts
  24 orc warriors
  A black bear (D:9)
  An eye of draining (D:12)
  A phantom (D:7)
  An eye of draining (shapeshifter) (Vaults:2)
  3 necrophages
  4 wolves (Lair:2)
  50 ogres
  A tengu (shapeshifter) (D:15)
  10 centaurs
  4 crocodiles
  Blork the orc (D:6)
  4 elf zombies
  2 big kobolds (D:11)
  17 bullfrogs
  A deep troll simulacrum (Vaults:5)
  2 gnoll sergeants (D:12)
  A wyvern zombie (D:12)
  An earth elemental (Elf:3)
  Dowan (D:6)
  A wyvern skeleton (D:7)
  6 scorpions
  An elf simulacrum (Vaults:5)
  8 killer bees
  5 electric eels
  4 lava snakes (Lair:6)
  4 howler monkeys
  A yaktaur simulacrum (Vaults:1)
  5 centaur zombies
  3 crimson imps
  2 bullfrog zombies
  4 jellies
  A quasit (D:14)
  Crazy Yiuf (D:2)
  2 hounds
  14 orc priests
  5 iguanas
  19 orc wizards
  4 centaur skeletons
  An iron imp (Depths:1)
  Jessica (D:2)
  3 bullfrog skeletons
  Natasha (thrice) (D:2)
  4 hell rats (Lair:4)
  A worker ant (shapeshifter) (Vaults:5)
  2 yak simulacra (Lair:6)
  3 polar bear simulacra (Lair:6)
  21 worker ants
  4 wolf simulacra (Lair:6)
  A hound zombie (D:10)
  A hound skeleton (D:11)
  Robin (D:4)
  11 gnolls
  A howler monkey skeleton (D:8)
  9 adders
  4 shadow imps
  3 oozes
  An adder zombie (D:9)
  6 worms
  3 dart slugs
  6 leopard geckos
  73 orcs
  2 ball pythons
  11 giant cockroaches
  17 goblins
  5 hobgoblins
  5 jackals
  5 quokkas
  4 bats
  6 frilled lizards
  A jackal zombie (D:7)
  9 kobolds
  A quokka zombie (D:9)
  10 rats
  2 river rat simulacra (Lair:6)
  4 crawling corpses
  A fungus (Lair:6)
  2 plants (Shoals:4)
  4 tentacles (Shoals:2)
1723 creatures vanquished.

Vanquished Creatures (collateral kills)
  Louise (Shoals:3)
  An emperor scorpion (Spider:4)
  A deep elf elementalist (Elf:3)
  A deep elf annihilator (Vaults:5)
  A merfolk impaler (Shoals:2)
  A deep elf death mage (Elf:3)
  An ogre mage (Orc:2)
  A vault guard (Vaults:5)
  2 ice dragons (IceCv)
  An alligator snapping turtle (Shoals:4)
  3 two-headed ogres (Orc:2)
  A satyr (Shoals:2)
  A deep elf knight (Elf:3)
  2 hell knights (Vaults:4)
  A deep troll (Orc:2)
  A deep elf archer (Elf:3)
  A cyclops (Orc:2)
  A manticore (Shoals:4)
  A deep elf mage (Elf:3)
  3 fauns
  A merfolk siren (Shoals:4)
  A molten gargoyle (Lair:6)
  A komodo dragon (Lair:6)
  3 merfolk
  2 trolls (Orc:2)
  A snapping turtle (Shoals:1)
  A hippogriff (Shoals:2)
  A basilisk (Lair:6)
  A fire elemental (Elf:3)
  A warg (Orc:2)
  An orc warrior (Orc:2)
  3 ogres (Orc:2)
  3 orc wizards (Orc:2)
  4 gnolls (Orc:2)
  3 orcs
53 creatures vanquished.

Vanquished Creatures (others)
  2 deep elf master archers (Elf:3)
  A storm dragon (Vaults:5)
  A vault warden (Vaults:5)
  An ironheart preserver (Vaults:5)
  An entropy weaver (Vaults:5)
  An ettin (Vaults:5)
  2 merfolk javelineers (Shoals:4)
  A yaktaur captain (Vaults:1)
  A centaur warrior (Shoals:3)
  A satyr (Shoals:3)
  A deep elf knight (Vaults:5)
  3 deep elf archers (Elf:3)
  An orc knight (Vaults:5)
  An orb spider (Spider:4)
  2 fauns
  2 manticores (Shoals:4)
  A vault sentinel (Vaults:5)
  5 yaktaurs
  A merfolk (Shoals:4)
  A redback (Spider:4)
  2 acid dragons (shapeshifter) (Vaults:5)
  An orc warrior (Depths:1)
  6 centaurs (Shoals:3)
  An orc (Vaults:2)
  A jackal (shapeshifter) (Vaults:5)
  8 fungi
  7 plants
  50 tentacles
  2 toadstools (Depths:1)
108 creatures vanquished.

Grand Total: 1884 creatures vanquished

Notes
Turn   | Place    | Note
-------+----------+-------------------------------------------
     0 | D:1      | Artanis the Hill Orc Fighter began the quest for the Orb.
     0 | D:1      | Reached XP level 1. HP: 19/19 MP: 1/1
    65 | D:1      | Reached XP level 2. HP: 27/27 MP: 2/2
   360 | D:1      | Reached XP level 3. HP: 32/33 MP: 3/3
   443 | D:1      | Reached skill level 4 in Fighting
  1152 | D:2      | Noticed Natasha
  1162 | D:2      | Killed Natasha
  1162 | D:2      | Reached XP level 4. HP: 18/40 MP: 4/4
  1336 | D:2      | Noticed Natasha
  1346 | D:2      | Killed Natasha
  1699 | D:2      | Noticed Jessica
  1703 | D:2      | Killed Jessica
  1703 | D:2      | Reached XP level 5. HP: 47/47 MP: 5/5
  1780 | D:2      | Noticed Natasha
  1788 | D:2      | Killed Natasha
  2044 | D:2      | Found a runed translucent door.
  2045 | D:2      | Noticed Crazy Yiuf
  2059 | D:2      | Killed Crazy Yiuf
  2311 | D:3      | Found a faded altar of an unknown god.
  2516 | D:3      | Reached XP level 6. HP: 55/55 MP: 6/6
  2986 | D:4      | Noticed Robin
  3000 | D:4      | Killed Robin
  3000 | D:4      | Reached skill level 5 in Fighting
  3103 | D:4      | Found Essuupe's Antique Armour Emporium.
  3146 | D:4      | Reached skill level 5 in Axes
  3217 | D:4      | Reached skill level 5 in Shields
  3708 | D:4      | Reached XP level 7. HP: 43/61 MP: 7/7
  3914 | D:4      | Found a deep blue altar of Sif Muna.
  4368 | D:5      | Entered Level 5 of the Dungeon
  4403 | D:5      | Reached skill level 5 in Armour
  5147 | D:5      | Reached skill level 6 in Fighting
  5917 | D:6      | Reached XP level 8. HP: 48/70 MP: 8/8
  6133 | D:6      | Noticed Duvessa
  6133 | D:6      | Noticed Dowan
  6145 | D:6      | Killed Duvessa
  6155 | D:6      | Killed Dowan
  6256 | D:6      | Found a staircase to the Ecumenical Temple.
  6550 | D:6      | Noticed Eustachio
  6550 | D:6      | Noticed Prince Ribbit
  6550 | D:6      | Noticed Blork the orc
  6565 | D:6      | Killed Blork the orc
  6567 | D:6      | Reached skill level 1 in Evocations
  6581 | D:6      | Killed Eustachio
  6581 | D:6      | Reached skill level 7 in Fighting
  7621 | D:6      | Found an ornate altar of the Wu Jian Council.
  7764 | D:6      | Killed Prince Ribbit
  7764 | D:6      | Reached XP level 9. HP: 79/79 MP: 10/10
  7940 | Temple   | Entered the Ecumenical Temple
  7954 | Temple   | Became a worshipper of Trog the Wrathful
  8915 | D:7      | Noticed a kobold demonologist
  8927 | D:7      | Noticed an orange demon
  8929 | D:7      | Killed a kobold demonologist
  8929 | D:7      | Reached skill level 8 in Fighting
  9040 | D:7      | Reached * piety under Trog
  9589 | D:8      | Noticed a two-headed ogre
  9630 | D:8      | Killed a two-headed ogre
  9630 | D:8      | Reached XP level 10. HP: 35/90 MP: 11/13
 10091 | D:8      | Noticed Pikel
 10123 | D:8      | Killed Pikel
 10123 | D:8      | Reached skill level 9 in Fighting
 10991 | D:9      | Reached skill level 5 in Evocations
 11421 | D:9      | Got a faintly glowing robe
 11432 | D:9      | Identified the cursed +0 robe "Baawk" {Regen+ Int+3} (You
                  | found it on level 9 of the Dungeon)
 11586 | D:9      | Found a glowing golden altar of the Shining One.
 11850 | D:9      | Reached ** piety under Trog
 11873 | D:9      | Reached skill level 10 in Axes
 12020 | D:10     | Entered Level 10 of the Dungeon
 12088 | D:10     | Found a staircase to the Lair.
 12499 | D:10     | Reached XP level 11. HP: 91/99 MP: 15/15
 12558 | D:10     | Noticed a red ugly thing
 12573 | D:10     | Killed a red ugly thing
 12859 | D:10     | Found an opulent altar of Gozag.
 13136 | D:10     | Noticed Psyche
 13177 | D:10     | Killed Psyche
 13177 | D:10     | Reached skill level 10 in Fighting
 13369 | D:11     | Noticed Snorg
 13376 | D:11     | Noticed a purple ugly thing
 13379 | D:11     | Killed Snorg
 13392 | D:11     | Killed a purple ugly thing
 13668 | D:11     | Noticed a sixfirhy
 13668 | D:11     | Noticed a sixfirhy
 13674 | D:11     | Reached *** piety under Trog
 13856 | D:11     | Noticed a manticore
 13865 | D:11     | Noticed Erica
 13879 | D:11     | Killed a manticore
 13884 | D:11     | Killed Erica
 14273 | D:11     | Reached skill level 10 in Shields
 14378 | D:11     | Noticed a two-headed ogre
 14405 | D:11     | Killed a two-headed ogre
 14780 | D:11     | You fall through a shaft for 2 floors!
 14840 | D:12     | Gained mutation: Your muscles are strong. (Str +2) [potion
                  | of mutation]
 14840 | D:12     | Gained mutation: You expend magic power (3 MP) to
                  | strengthen your wands. [potion of mutation]
 14875 | D:11     | Found a runed translucent door.
 14876 | D:11     | Found a runed translucent door.
 14905 | D:11     | Reached skill level 10 in Armour
 14908 | D:11     | Reached **** piety under Trog
 15137 | D:12     | Reached XP level 12. HP: 77/108 MP: 17/17
 15141 | D:12     | Reached skill level 11 in Fighting
 15275 | D:12     | Got an iridescent morningstar
 15276 | D:12     | Identified the +5 morningstar "Qyexadisk" {flame, Stlth+}
                  | (You found it on level 12 of the Dungeon)
 15463 | D:12     | Found a staircase to the Orcish Mines.
 15748 | D:12     | Found a basalt altar of Yredelemnul.
 15969 | Lair:1   | Entered Level 1 of the Lair of Beasts
 17201 | Lair:2   | Reached ***** piety under Trog
 17507 | Lair:2   | You fall through a shaft!
 17666 | Lair:3   | Found a hole to the Spider Nest.
 18663 | Lair:2   | Reached skill level 12 in Fighting
 19288 | Lair:3   | Reached XP level 13. HP: 83/118 MP: 19/19
 19920 | Lair:3   | Found a staircase to the Shoals.
 20419 | Lair:3   | Noticed Urug
 20420 | Lair:3   | Noticed Urug
 20420 | Lair:3   | Urug changed into Urug the mana viper
 20426 | Lair:3   | Killed Urug the mana viper
 20721 | Lair:4   | Received a gift from Trog
 20733 | Lair:4   | Found a frozen archway.
 20943 | IceCv    | Entered an ice cave
 22038 | IceCv    | Noticed an ice dragon
 22038 | IceCv    | Noticed an ice dragon
 22043 | IceCv    | Killed an ice dragon
 22045 | IceCv    | Killed an ice dragon
 22118 | IceCv    | Got a sparkling glass ring
 22130 | IceCv    | Identified the ring "Dotuthrir" {Str+3 Int+6} (You found it
                  | in an ice cave)
 23567 | Lair:5   | Found a gate leading to a gauntlet.
 23577 | Gauntlet | Entered a Gauntlet
 23577 | Gauntlet | Found a transporter.
 23577 | Gauntlet | Found a runed translucent door.
 23615 | Gauntlet | Found a runed translucent door.
 23617 | Gauntlet | Found a transporter.
 23619 | Gauntlet | Found a transporter.
 23636 | Gauntlet | Found a transporter.
 23638 | Gauntlet | Found a transporter.
 23640 | Gauntlet | Noticed a balrug
 23651 | Gauntlet | Found a transporter.
 23668 | Gauntlet | Found a transporter.
 23679 | Gauntlet | Noticed an entropy weaver
 23682 | Gauntlet | Found a transporter.
 23687 | Gauntlet | Found a transporter.
 23690 | Gauntlet | Found a transporter.
 23714 | Gauntlet | Found a transporter.
 23715 | Gauntlet | Found a transporter.
 23747 | Gauntlet | Found a transporter.
 23749 | Gauntlet | Noticed a balrug
 23762 | Gauntlet | Found a transporter.
 23765 | Gauntlet | Found a runed translucent door.
 23851 | Gauntlet | Lost mutation: You expend magic power (3 MP) to strengthen
                  | your wands. [potion of mutation]
 23851 | Gauntlet | Lost mutation: Your muscles are strong. (Str +2) [potion of
                  | mutation]
 23851 | Gauntlet | Gained mutation: You tend to lose your temper in combat.
                  | [potion of mutation]
 23851 | Gauntlet | Gained mutation: Your flesh is cold resistant. (rC+)
                  | [potion of mutation]
 23851 | Gauntlet | Gained mutation: Your flesh is very cold resistant. (rC++)
                  | [potion of mutation]
 23894 | Gauntlet | Gained mutation: You are weak. (Str -2) [a shining eye]
 23896 | Gauntlet | Gained mutation: Scrolls take you a little longer to read.
                  | [a shining eye]
 23935 | Gauntlet | Lost mutation: Your flesh is very cold resistant. (rC++)
                  | [potion of mutation]
 23935 | Gauntlet | Lost mutation: You are weak. (Str -2) [potion of mutation]
 23935 | Gauntlet | Lost mutation: Your flesh is cold resistant. (rC+) [potion
                  | of mutation]
 23935 | Gauntlet | Lost mutation: You tend to lose your temper in combat.
                  | [potion of mutation]
 23935 | Gauntlet | Gained mutation: You are partially covered in rugged brown
                  | scales. (AC +1, +3% HP) [potion of mutation]
 23976 | Gauntlet | Killed a balrug
 24174 | Gauntlet | Noticed a minotaur
 24194 | Gauntlet | Killed a minotaur
 24544 | Gauntlet | Got a polished hat
 24550 | Gauntlet | Identified the +3 hat of Laxzan {Str+3} (You found it in a
                  | Gauntlet)
 25788 | Lair:6   | Entered Level 6 of the Lair of Beasts
 25870 | Lair:6   | Reached skill level 13 in Fighting
 26278 | Lair:6   | Got a transparent long sword
 26279 | Lair:6   | Identified the +11 long sword "Uleyc" {slice, MR+} (You
                  | found it on level 6 of the Lair of Beasts)
 26527 | Lair:6   | Found a runed translucent gate.
 26527 | Lair:6   | Found a runed translucent gate.
 26527 | Lair:6   | Found a runed translucent gate.
 26528 | Lair:6   | Noticed a death ooze
 26529 | Lair:6   | Noticed a death ooze
 26568 | Lair:6   | Reached XP level 14. HP: 132/132 MP: 21/21
 26757 | Lair:6   | Reached skill level 10 in Evocations
 27493 | Lair:6   | Received a gift from Trog
 28659 | Lair:6   | Found a viscous altar of Jiyva.
 28659 | Lair:6   | Noticed OdinFK's ghost (adept GrEE)
 28860 | Lair:6   | Found a large runed translucent door.
 28861 | Lair:6   | Found a large runed translucent door.
 30696 | D:13     | Found Ysiturat's Antique Weapon Shop.
 31483 | D:14     | Found Gozag's Platinum Reserve.
 31483 | D:14     | Found an opulent altar of Gozag.
 32359 | D:14     | Reached skill level 14 in Fighting
 32785 | D:14     | Reached skill level 15 in Axes
 32991 | D:14     | Found a gate to the Vaults.
 33348 | D:15     | Entered Level 15 of the Dungeon
 34118 | D:14     | Reached XP level 15. HP: 104/143 MP: 22/22
 34846 | D:15     | Identified the cursed +1 war axe "Ypitos" {vamp, Str+3
                  | Int+3 Dex+3}
 34846 | D:15     | Identified the cursed +3 morningstar of Distant Worlds
                  | {holy, rElec Int-2 Dex+9}
 34862 | D:15     | Noticed nano's ghost (journeyman DDAr)
 34885 | D:15     | Found a transporter.
 34885 | D:15     | Found a bloodstained altar of Trog.
 34886 | D:15     | Found the ring of the Mage {Wiz MR++ Int+3}
 34886 | D:15     | Identified the +2 demon trident of Disharmony {antimagic,
                  | MR++}
 34892 | D:15     | Found a transporter.
 35502 | D:15     | Noticed a frost giant
 35502 | D:15     | a dire elephant changed into a frost giant
 35503 | D:15     | Killed a frost giant
 35504 | D:15     | Found a staircase to the Depths.
 35707 | Shoals:1 | Entered Level 1 of the Shoals
 36128 | Shoals:1 | Noticed Jorgrun
 36420 | Orc:1    | Entered Level 1 of the Orcish Mines
 36689 | Orc:2    | Entered Level 2 of the Orcish Mines
 36689 | Orc:2    | Noticed Sonja
 36690 | Orc:2    | Killed Sonja
 37028 | Orc:2    | Found Sopaip's Antique Weapon Shop.
 37080 | Orc:2    | Noticed Nessos
 37094 | Orc:2    | Killed Nessos
 37094 | Orc:2    | Reached skill level 15 in Fighting
 37575 | Orc:2    | Noticed Erolcha
 37582 | Orc:2    | Killed Erolcha
 37609 | Orc:2    | Found Dasur's Food Shop.
 37635 | Orc:2    | Received a gift from Trog
 37799 | Orc:2    | Found Oczuum's Distillery.
 37879 | Orc:2    | Found a staircase to the Elven Halls.
 38037 | Orc:2    | Found Cibrook's Antique Weapon Shoppe.
 38049 | Orc:2    | Found Oxoo's Antique Armour Boutique.
 39076 | Orc:2    | Bought a polished hand axe for 240 gold pieces
 39079 | Orc:2    | Identified the +4 hand axe "Baitum" {holy, rC+ rN+ MR+
                  | Int+4} (You bought it in a shop on level 2 of the Orcish
                  | Mines)
 39333 | Shoals:1 | Killed Jorgrun
 39930 | Shoals:1 | Reached XP level 16. HP: 99/153 MP: 23/23
 41489 | Shoals:2 | Found a hide-covered altar of Uskayaw.
 42834 | Shoals:2 | Noticed a kraken
 43027 | Shoals:2 | HP: 5/155 [meliai/divine providence (19)]
 44535 | Shoals:2 | Reached skill level 16 in Fighting
 45652 | Shoals:2 | Killed a kraken
 45943 | Shoals:3 | Reached skill level 15 in Shields
 46217 | Shoals:3 | Noticed Aizul
 46825 | Elf:1    | Entered Level 1 of the Elven Halls
 47713 | Elf:1    | Reached skill level 15 in Armour
 48577 | Elf:1    | Received a gift from Trog
 49165 | Elf:1    | Identified the +6 mace "Serezxom" {holy, rN+ MR+ SInv}
 49745 | Elf:1    | Identified the Almanac of Darkness
 50126 | Elf:1    | Reached XP level 17. HP: 164/164 MP: 24/24
 50583 | Elf:2    | Found Qivviemo's Antique Armour Shop.
 52918 | Elf:1    | Upgraded the game from 0.23.2-33-g5129a83184 to
                  | 0.23.2-40-g277498a001
 53149 | Spider:1 | Entered Level 1 of the Spider Nest
 54385 | Spider:1 | You fall through a shaft!
 54412 | Spider:2 | Reached skill level 17 in Fighting
 55944 | Spider:1 | Noticed Agnes
 55959 | Spider:1 | Killed Agnes
 56276 | Spider:1 | Noticed Donald
 56295 | Spider:1 | Killed Donald
 56537 | Spider:1 | Got a coiled glass ring
 56540 | Spider:1 | Identified the ring of Peace {rC++ Str+2} (You found it on
                  | level 1 of the Spider Nest)
 56590 | Spider:1 | Received a gift from Trog
 59486 | Spider:3 | Reached XP level 18. HP: 175/175 MP: 25/25
 59875 | Spider:3 | Got a brightly glowing war axe
 59878 | Spider:3 | Identified the +7 war axe of Amorality {vamp, +Fly Str+3
                  | Dex+5} (You found it on level 3 of the Spider Nest)
 59911 | Spider:3 | Received a gift from Trog
 60378 | Spider:4 | Entered Level 4 of the Spider Nest
 61249 | Spider:4 | Received a gift from Trog
 61453 | Spider:4 | Reached skill level 18 in Fighting
 61468 | Spider:4 | HP: 8/177 [emperor scorpion (19)]
 61521 | Spider:4 | HP: 6/177 [emperor scorpion (13)]
 62193 | Spider:4 | Got a gossamer rune of Zot
 62405 | Shoals:3 | Killed Aizul
 63217 | Shoals:3 | Noticed Louise
 63227 | Shoals:3 | Killed Louise
 63702 | Shoals:4 | Entered Level 4 of the Shoals
 64312 | Shoals:4 | Reached XP level 19. HP: 162/186 MP: 26/26
 64593 | Shoals:4 | Found the ring of the Octopus King
 64610 | Shoals:4 | Got a ring of the Octopus King
 64613 | Shoals:4 | Identified a ring of the Octopus King {rCorr AC+1 EV+1
                  | Str+1 Int+1 Dex+1} (You found it on level 4 of the Shoals)
 64772 | Shoals:4 | Identified the +1 whip of Geonuen {protect, SInv}
 64799 | Shoals:4 | Reached skill level 19 in Fighting
 65258 | Shoals:4 | Got a barnacled rune of Zot
 65366 | Shoals:4 | Got a slimy tin ring
 65369 | Shoals:4 | Identified the ring of Toshrun {*Corrode +Fly rPois rF+
                  | rN+} (You found it on level 4 of the Shoals)
 65940 | Elf:2    | Found a runed translucent gate.
 65940 | Elf:2    | Found a runed translucent gate.
 65945 | Elf:2    | Found a runed translucent gate.
 66143 | Elf:2    | Received a gift from Trog
 66613 | Elf:3    | Entered Level 3 of the Elven Halls
 66904 | Elf:2    | Bought a glowing plate armour for 780 gold pieces
 67852 | Elf:3    | HP: 13/283 [deep elf blademaster/+0 quick blade (8)]
 68378 | Elf:3    | Received a gift from Trog
 68433 | Elf:3    | Reached skill level 20 in Fighting
 68586 | Elf:3    | Identified the +6 dagger of Kocu {distort, rC+ Int+6}
 68586 | Elf:3    | Identified the amulet "Dirphuij" {+Rage rN+ Dex-5 SInv}
 68635 | Elf:3    | Reached XP level 20. HP: 150/198 MP: 27/27
 69874 | Elf:3    | Identified the +7 plate armour of Elyvilon {rPois rC++
                  | Slay+2}
 70587 | Vaults:1 | Entered Level 1 of the Vaults
 71317 | Vaults:1 | Received a gift from Trog
 71362 | Vaults:1 | Got a jewelled morningstar
 71365 | Vaults:1 | Identified the +5 morningstar of Circularity {crush, rElec
                  | Str-5 Dex+4} (You found it on level 1 of the Vaults)
 71466 | Vaults:1 | Reached skill level 21 in Fighting
 72062 | Vaults:2 | Found a staircase to the Crypt.
 72062 | Vaults:2 | Found an ancient bone altar of Kikubaaqudgha.
 72063 | Vaults:2 | Found a basalt altar of Yredelemnul.
 72153 | Vaults:2 | Reached XP level 21. HP: 204/211 MP: 28/28
 72205 | Vaults:2 | Reached ****** piety under Trog
 72359 | Vaults:2 | Received a gift from Trog
 72641 | Vaults:2 | Found Giobrafo's General Store.
 72644 | Vaults:2 | Bought 2 potions of curing for 108 gold pieces
 72644 | Vaults:2 | Bought a potion of haste for 180 gold pieces
 72644 | Vaults:2 | Bought a ration for 90 gold pieces
 73322 | Vaults:3 | Noticed Xtahua
 73330 | Vaults:3 | Reached skill level 22 in Fighting
 73335 | Vaults:3 | Killed Xtahua
 73543 | Vaults:3 | Received a gift from Trog
 74507 | Vaults:3 | Reached XP level 22. HP: 223/223 MP: 29/29
 74905 | Vaults:4 | Found Efin's Magic Scroll Boutique.
 74917 | Vaults:4 | Bought a scroll of blinking for 112 gold pieces
 74922 | Vaults:4 | Bought a scroll of enchant armour for 112 gold pieces
 74922 | Vaults:4 | Bought a scroll of enchant armour for 112 gold pieces
 75120 | Vaults:4 | Received a gift from Trog
 75139 | Vaults:4 | Noticed Margery
 75152 | Vaults:4 | Killed Margery
 76129 | Vaults:5 | Entered Level 5 of the Vaults
 76138 | Vaults:4 | Received a gift from Trog
 76144 | Vaults:4 | Reached skill level 23 in Fighting
 76460 | Vaults:5 | Identified the +7 spear of Punishment {pierce, rElec MR+}
 76703 | Vaults:5 | Reached XP level 23. HP: 233/233 MP: 32/32
 76703 | Vaults:5 | Received a gift from Trog
 76739 | Vaults:5 | Noticed Sojobo
 77070 | Vaults:5 | Received a gift from Trog
 77072 | Vaults:5 | Killed Sojobo
 77082 | Vaults:5 | Killed the ghostly Sojobo
 77092 | Vaults:5 | Received a gift from Trog
 77187 | Vaults:5 | Noticed a golden dragon
 77206 | Vaults:5 | Killed a golden dragon
 77392 | Vaults:5 | Found the +8 orange crystal plate armour {Archmagi, Int+3
                  | Clar}
 77595 | Vaults:5 | Identified a +2 pair of boots of running (You found it on
                  | level 5 of the Vaults)
 77888 | Vaults:5 | Got a slimy plate armour
 77891 | Vaults:5 | Identified the +7 plate armour of Complete Protection
                  | {rElec MP+9 Stlth+} (You found it on level 5 of the Vaults)
 77896 | Vaults:5 | Identified the Tome of Ashen Contamination
 77952 | Vaults:5 | Reached XP level 24. HP: 206/244 MP: 33/33
 77955 | Vaults:5 | Got a silver rune of Zot
 78076 | Vaults:5 | Found the +6 shillelagh "Devastator" {shatter}
 78159 | Vaults:5 | Identified a scroll of acquirement
 79072 | Depths:1 | Entered Level 1 of the Depths
 79086 | Depths:1 | Received a gift from Trog
 79185 | Depths:1 | Noticed Saint Roka
 79226 | Depths:1 | Reached skill level 24 in Fighting
 79235 | Depths:1 | Noticed Nikola
 79238 | Depths:1 | Found a one-way gate leading to the halls of Pandemonium.
 79259 | Depths:1 | Killed Nikola
 79259 | Depths:1 | Reached skill level 15 in Evocations
 79490 | Depths:1 | Killed Saint Roka
 79833 | Depths:1 | Received a gift from Trog
 79927 | Depths:1 | Found a gateway to Hell.
 80043 | Depths:1 | Found a runed translucent gate.
 80043 | Depths:1 | Found a runed translucent gate.
 80043 | Depths:1 | Found a runed translucent gate.
 80044 | Depths:1 | Found the +2 Maxwell's thermic engine {flame, freeze}
 80044 | Depths:1 | Found a runed translucent gate.
 80044 | Depths:1 | Found a runed translucent gate.
 80044 | Depths:1 | Found a runed translucent gate.
 80068 | Depths:1 | Reached skill level 25 in Fighting
 80069 | Depths:1 | HP: 18/373 [burnt (2)]
 80069 | Depths:1 | Killed from afar by a balrug

Skill      XL: |  1  2  3  4  5  6  7  8  9 10 11 12 13 14 15 16 17 18 19 20 21 22 23 24 |
---------------+-------------------------------------------------------------------------+-----
Axes           | 3 4 5 6 7 9 10 11 12 14 15 16 17 18 19 20 21 22 23 | 23.7
Fighting       | 4 5 6 7 8 9 10 12 13 14 15 16 17 18 20 21 22 23 25 | 25.0
Shields        | 4 5 6 8 9 10 11 12 13 14 15 16 | 16.5
Armour         | 4 5 6 7 8 10 11 12 13 14 15 16 18 19 20 21 22 23 | 23.0
Evocations     | 2 4 5 7 8 9 10 12 14 15 | 15.3
Dodging        | |  0.6

Action                   |  1- 3 |  4- 6 |  7- 9 | 10-12 | 13-15 | 16-18 | 19-21 | 22-24 || total
-------------------------+-------+-------+-------+-------+-------+-------+-------+-------++-------
Melee: War axe           |    98 |   201 |   227 |   330 |   355 |   435 |  1220 |   816 ||  3682
       Mace              |       |       |   141 |    45 |       |    72 |       |       ||   258
       Morningstar       |       |       |       |   242 |   671 |       |       |       ||   913
       Hand axe          |       |       |       |       |    72 |  1574 |       |       ||  1646
Throw: Javelin           |       |       |       |       |       |    22 |       |       ||    22
Invok: Berserk           |       |       |       |     2 |     8 |     5 |     4 |     4 ||    23
       Brothers in Arms  |       |       |       |       |    13 |     9 |     5 |     3 ||    30
 Abil: Evoke Flight      |       |       |       |       |       |     1 |       |       ||     1
Evoke: Wand              |       |       |    22 |    16 |    28 |     9 |     1 |     1 ||    77
       Lightning rod     |       |       |       |       |       |       |     3 |       ||     3
       Lamp of fire      |       |       |       |       |       |       |     1 |       ||     1
  Use: Potion            |     1 |     1 |     4 |     1 |     4 |     5 |     1 |     1 ||    18
       Scroll            |       |       |    10 |    18 |     8 |    14 |     9 |    10 ||    69
 Stab: Distracted        |       |       |       |       |       |     1 |       |     2 ||     3
  Eat: Chunk             |     1 |     5 |     6 |    12 |    18 |     9 |    17 |    12 ||    80
       Ration            |       |     1 |     4 |     7 |    17 |    24 |     6 |     3 ||    62
Armor: Scale mail        |    44 |    11 |       |       |       |       |       |       ||    55
       Chain mail        |       |    72 |   151 |    18 |       |       |       |       ||   241
       Plate armour      |       |       |       |   310 |   408 |   884 |   447 |   471 ||  2520
       Ice dragon scales |       |       |       |       |    10 |       |       |       ||    10
Dodge: Dodged            |    39 |    63 |   123 |   222 |   241 |   411 |   203 |   199 ||  1501
Block: Shield            |    48 |   123 |   211 |   479 |   597 |  1421 |   978 |   800 ||  4657
       Reflection        |       |       |       |       |       |    83 |   104 |    59 ||   246
